 Dungeon Crawl Stone Soup version 0.31-a0-232-gb1c03b2570 (webtiles) character file.

Game seed: 6857237646853563651

81 qw the Shooter (level 4, -10/36 HPs)
             Began as a Minotaur Hexslinger on July 7, 2023.
             Killed from afar by Ijyb (11 damage)
             ... with a bolt of acid
             ... on level 3 of the Dungeon.
             The game lasted 00:00:36 (1841 turns).

qw the Shooter (Minotaur Hexslinger)                Turns: 1841, Time: 00:00:36

Health: -10/36     AC:  2    Str: 12    XL:     4   Next: 20%
Magic:  4/4        EV: 11    Int: 10    God:
Gold:   127        SH:  0    Dex: 15    Spells: 4/5 levels left

rFire   . . .        Y - +1 sling
rCold   . . .        (no shield)
rNeg    . . .        g - +1 ring mail {Will+}
rPois   .            (helmet restricted)
rElec   .            (no cloak)
rCorr   .            (no gloves)
SInv    .            (no boots)
Will    +....        (no amulet)
Stlth   +            (no ring)
HPRegen 0.26/turn    (no ring)
MPRegen 0.09/turn

%: no passive effects
@: about to teleport, corroded
A: horns 2, retaliatory headbutt
a: no special abilities


You were on level 3 of the Dungeon.
You visited 1 branch of the dungeon, and saw 3 of its levels.

You collected 127 gold pieces.


Innate Abilities, Weirdness & Mutations

You have a pair of horns on your head.
You reflexively headbutt those who attack you in melee.


   Skills:
 - Level 2.0 Fighting
 + Level 4.5 Ranged Weapons
 - Level 1.1 Armour
 - Level 2.1 Dodging
 - Level 1.0 Spellcasting
 - Level 2.0 Hexes


You had 4 spell levels left.
You knew the following spells:

 Your Spells              Type           Power      Damage    Failure   Level
a - Slow                  Hex            16%        N/A       34%         1

Your spell library contained the following spells:

 Spells                   Type           Power      Damage    Failure   Level
 Inner Flame              Hex/Fire       2%         N/A       83%         3
 Portal Projectile        Hex/Tloc       4%         N/A       83%         3
 Cause Fear               Hex            2%         N/A       98%         4

Inventory:

Hand Weapons
 Y - a +1 sling (weapon)
Armour
 g - a +1 ring mail of willpower (worn)
Scrolls
 a - 3 scrolls of teleportation
Potions
 b - a potion of curing {unknown}
 d - a potion of haste {unknown}
 f - a potion of mutation {unknown}
 i - a potion of attraction {unknown}
 j - a potion of lignification {unknown}
 k - a potion of enlightenment {unknown}

Dungeon Overview and Level Annotations

Branches:
Dungeon (3/15)

Altars:

Annotations:
D:3 Ijyb


Message History

Where to? (* - list waypoints, Enter - D:2, ? - help)
What level of the Dungeon? (default 1, ? - help)
You swap places.
There is an open door here.
You swap places.
You swap places.
There is a stone staircase leading down here.
You climb downwards.
The goblin shouts!
Found a stone staircase leading down.
There is a stone staircase leading up here.
There are monsters nearby!
Waypoint 2 assigned to D:3.
You shoot a sling bullet.
The sling bullet barely misses the goblin.
You shoot a sling bullet. The sling bullet hits the goblin.
The goblin is heavily wounded.
You shoot a sling bullet. The sling bullet hits the goblin.
You kill the goblin!
Ijyb screams, "No!
No, no, no, no!"
You shoot a sling bullet. The sling bullet barely misses Ijyb.
You shoot a sling bullet. The sling bullet barely misses Ijyb.
Ijyb grins evilly.
You shoot a sling bullet. The sling bullet closely misses Ijyb.
Ijyb hits you but does no damage.
You shoot a sling bullet. The sling bullet closely misses Ijyb.
Ijyb zaps a wand.
The bolt of acid hits you. Ijyb hits you with a +0 dagger.
You shoot a sling bullet. The sling bullet barely misses Ijyb.
Ijyb zaps a wand.
The bolt of acid hits you!
You shoot a sling bullet.
The sling bullet hits Ijyb but does no damage.
Ijyb hits you but does no damage.
You shoot a sling bullet. The sling bullet hits Ijyb.
Ijyb is lightly wounded.
Ijyb zaps a wand.
The bolt of acid hits you! The acid corrodes you!
1841 ||| READING 4 scrolls of teleportation.
As you read the scroll of teleportation, it crumbles to dust.
You feel strangely unstable.
A goblin comes into view. It is wielding a +0 club.
Ijyb zaps a wand.
The bolt of acid hits you!
You die...

# ###
#.#<#
#..@#
##.g..#
+)..>...
#.......#
#....#..#
#....#....
#....# #..
#....# .g


You could see Ijyb and a goblin (wandering).

Vanquished Creatures
  3 gnolls (D:2)
  An adder (D:2)
  10 ball pythons
  6 bats (D:1)
  2 endoplasms (D:1)
  4 giant cockroaches
  A goblin (D:3)
  4 hobgoblins
  3 jackals (D:1)
  2 quokkas
  2 frilled lizards
  4 rats (D:1)
42 creatures vanquished.

Notes
Turn   | Place    | Note
-------+----------+-------------------------------------------
     0 | D:1      | qw the Minotaur Hexslinger began the quest for the Orb.
     0 | D:1      | Reached XP level 1. HP: 16/16 MP: 1/1
     0 | D:1      | 0 ||| qw: Version: 0.3-a-46-gb1f654a
     0 | D:1      | 0 ||| qw: Game counter: 2689
     0 | D:1      | 0 ||| qw: Melee chars always use a shield: true
     0 | D:1      | 0 ||| qw: God list: Okawaru
     0 | D:1      | 0 ||| qw: Allow faded altars: false
     0 | D:1      | 0 ||| qw: Do Orc after clearing Dungeon:15 true
     0 | D:1      | 0 ||| qw: Do second Lair branch before Depths: true
     0 | D:1      | 0 ||| qw: Lair rune preference: random
     0 | D:1      | 0 ||| qw: Goals: Normal
     0 | D:1      | 0 ||| PLANNING D:1-11
   140 | D:1      | Reached skill level 3 in Ranged Weapons
   140 | D:1      | Reached XP level 2. HP: 17/23 MP: 2/2
   646 | D:1      | Reached XP level 3. HP: 29/29 MP: 3/3
   914 | D:1      | 914 ||| UPGRADING to +1 ring mail of willpower.
   924 | D:1      | 924 ||| DROPPING +0 robe.
   925 | D:1      | 925 ||| READING 3 scrolls labelled FUCZIETEPESK.
   929 | D:1      | 929 ||| READING scroll labelled ITOAPI WOUD.
   930 | D:1      | 930 ||| DROPPING scroll of poison.
  1550 | D:2      | Reached skill level 4 in Ranged Weapons
  1569 | D:2      | Reached skill level 1 in Armour
  1605 | D:2      | Reached XP level 4. HP: 36/36 MP: 4/4
  1617 | D:2      | Found a faded altar of an unknown god.
  1804 | D:2      | 1804 ||| READING scroll labelled BUADUE TACOO.
  1805 | D:2      | 1805 ||| READING scroll labelled ARO MOCAEH.
  1806 | D:2      | 1806 ||| READING scroll labelled OGRISS GOMIENK.
  1807 | D:2      | 1807 ||| READING scroll labelled ZOHOGU WETIMEO.
  1829 | D:3      | Noticed Ijyb
  1840 | D:3      | HP: 1/36 [Ijyb/bolt of acid (17)]
  1841 | D:3      | 1841 ||| READING 4 scrolls of teleportation.
  1841 | D:3      | Killed from afar by Ijyb

Levels and vault maps discovered:
D:1:      kilobyte_arrival_exit_the_forest, layout_loops_corners
D:2:      layout_basic, hellmonk_ecumenical_altar_lost_god,
          minmay_misc_feat_encased
D:3:      minmay_angry_zag, layout_basic, uniq_ijyb, uniq_jessica

Skill      XL: |  1  2  3 |
---------------+----------+-----
Ranged Weapons | 3 4 |  4.5
Fighting       | 2 |  2.0
Armour         | 1 |  1.1
Dodging        | |  2.1
Spellcasting   | |  1.0
Hexes          | |  2.0

Action                     |  1- 3 |  4- 6 || total
---------------------------+-------+-------++-------
   Fire: Sling             |   119 |    18 ||   137
    Use: Scroll            |     2 |     5 ||     7
 Armour: Robe              |    11 |       ||    11
         Ring mail         |     5 |     2 ||     7
  Dodge: Dodged            |    44 |     3 ||    47

Table legend:
 A = Non-vault XP
 B = Vault XP
 C = Vault XP percentage of total XP
 D = Non-vault monster count
 E = Vault monster count
 F = Vault count percentage of total count
                 A         B        C        D         E       F
            +---------+---------+-------+---------+---------+-------
      Total |     117 |       0 |   0.0 |      42 |       0 |   0.0
            +---------+---------+-------+---------+---------+-------
        D:1 |      47 |       0 |   0.0 |      30 |       0 |   0.0
        D:2 |      68 |       0 |   0.0 |      11 |       0 |   0.0
        D:3 |       2 |       0 |   0.0 |       1 |       0 |   0.0
            +---------+---------+-------+---------+---------+-------
